 Dungeon Crawl Stone Soup version 0.31-a0-174-g85c54bcb58 (webtiles) character file.

Game seed: 16389046507279316072

44 qw the Shooter (level 3, 0/22 HPs)
             Began as a Gargoyle Hunter on June 15, 2023.
             Slain by Sigmund
             ... wielding a +4 scythe of pain
              (7 damage)
             ... on level 2 of the Dungeon.
             The game lasted 00:00:25 (1092 turns).

qw the Shooter (Gargoyle Hunter)                    Turns: 1092, Time: 00:00:25

Health: 0/22       AC:  8    Str: 14    XL:     3   Next: 60%
Magic:  3/3        EV: 10    Int:  9    God:
Gold:   80         SH:  0    Dex: 15    Spells: 2/2 levels left

rFire   . . .        Y - +0 shortbow
rCold   . . .        (shield currently unavailable)
rNeg    + . .        h - +0 ring mail
rPois   inf          (no helmet)
rElec   +            (no cloak)
rCorr   .            (no gloves)
SInv    .            (no boots)
Will    .....        (no amulet)
Stlth   +            (no ring)
HPRegen 0.23/turn    (no ring)
MPRegen 0.08/turn

%: no passive effects
@: no status effects
A: sickness immunity, AC +3, negative energy resistance 1, electricity
resistance, torment resistance 1, petrification resistance
a: no special abilities


You were on level 2 of the Dungeon.
You visited 1 branch of the dungeon, and saw 2 of its levels.

You collected 80 gold pieces.


Innate Abilities, Weirdness & Mutations

You are immune to sickness and miasma.
Your stone body is resilient. (AC +3)
You are immune to poison.
You resist negative energy. (rN+)
You are resistant to electric shocks. (rElec)
You are resistant to unholy torment.
You are immune to petrification.


   Skills:
 - Level 2.6 Fighting
 - Level 5.0 Ranged Weapons
 + Level 0.6 Armour
 - Level 1.5 Dodging
 - Level 1.1 Stealth


You had 2 spell levels left.
You didn't know any spells.
Your spell library was empty.

Inventory:

Hand Weapons
 Y - a +0 shortbow (weapon)
Armour
 h - a +0 ring mail (worn)
Scrolls
 a - a scroll of immolation {unknown}
Potions
 d - a potion of curing {unknown}

Dungeon Overview and Level Annotations

Branches:
Dungeon (2/15)

Altars:

Annotations:
D:2 Sigmund


Message History

You shoot an arrow. The arrow barely misses the orc.
You shoot an arrow. The arrow closely misses the orc.
You shoot an arrow. The arrow barely misses the orc.
You shoot an arrow. The arrow hits the orc.
You kill the orc!
a - a scroll labelled LUULLAIXZI You see here a +0 club.
A bat comes into view.
Found 8 stones.
You shoot an arrow. The arrow hits the bat!
You kill the bat!
Sigmund the Dreaded comes into view.
He is wielding a +4 scythe of pain.
You shoot an arrow. The arrow hits Sigmund!
Sigmund is moderately wounded.
You shoot an arrow. The arrow barely misses Sigmund.
Sigmund casts a spell at you. The puff of flame hits you.
You shoot an arrow.
The arrow hits Sigmund but does no damage.
Sigmund is moderately wounded.
Sigmund gestures wildly while chanting.
Sigmund flickers and vanishes!
Deactivating autopickup; reactivate with Ctrl-A.
You hear an angry hiss.
You shoot an arrow. Something hits you but does no damage.
An adder comes into view.
You shoot an arrow. The adder hisses angrily.
You shoot an arrow.
You hear some strange, mumbled words.
A puff of flame appears from out of thin air!
The puff of flame hits you. Something hits you!
Ouch! That really hurt!
You shoot an arrow. The arrow closely misses the adder.
A frilled lizard comes into view.
You shoot an arrow.
The arrow hits the adder but does no damage.
Something hits you!
You die...

... ###.# ~~~ ... ...#
~~~ #... ...# ..l #...
..# #S#### # .... ..#
#{# ..# ## #.###.##.#
#.## ####. #.....#@#####
##.###...#
#.....#.#...###.#.#.###.
#.....##.###...###.## ##
#.<...##################
#.....)#....#.#....#....
#.#.##%%#..#...#..#.....
#.#.##..................
#.#.##..................
#.#.####################


You could see an adder and a frilled lizard.

Vanquished Creatures
  2 dart slugs (D:1)
  An orc (D:2)
  2 endoplasms (D:1)
  3 goblins
  A hobgoblin (D:1)
  8 jackals (D:1)
  2 quokkas (D:1)
  5 ball pythons
  4 bats
  3 frilled lizards (D:1)
  3 kobolds (D:1)
  3 rats
37 creatures vanquished.

Notes
Turn   | Place    | Note
-------+----------+-------------------------------------------
     0 | D:1      | qw the Gargoyle Hunter began the quest for the Orb.
     0 | D:1      | Reached XP level 1. HP: 12/12 MP: 1/1
     0 | D:1      | 0 ||| qw: Version: 0.2-a-29-g511e9b1
     0 | D:1      | 0 ||| qw: Game counter: 5334
     0 | D:1      | 0 ||| qw: Always use a shield: true
     0 | D:1      | 0 ||| qw: God list: Okawaru
     0 | D:1      | 0 ||| qw: Allow faded altars: false
     0 | D:1      | 0 ||| qw: Do Orc after D:15 true
     0 | D:1      | 0 ||| qw: Do second Lair branch before Depths: true
     0 | D:1      | 0 ||| qw: Lair rune preference: random
     0 | D:1      | 0 ||| qw: Plans: Normal, Zot:1-4, Slime:5, God:TSO, Crypt,
                  | Tomb, Abyss, Pan, Hells, Win
     0 | D:1      | 0 ||| PLANNING D:1-11
    43 | D:1      | HP: 2/12 [jackal (2)]
    45 | D:1      | Reached XP level 2. HP: 4/17 MP: 2/2
    50 | D:1      | HP: 4/17 [jackal (1)]
   289 | D:1      | Reached XP level 3. HP: 21/21 MP: 3/3
   328 | D:1      | Reached skill level 5 in Ranged Weapons
   925 | D:1      | 925 ||| UPGRADING to +0 ring mail.
   935 | D:1      | 935 ||| DROPPING +0 leather armour.
   936 | D:1      | 936 ||| READING scroll labelled QIWAIH MIPECH.
   937 | D:1      | 937 ||| READING scroll labelled XISOBBYTUI.
   938 | D:1      | 938 ||| READING scroll labelled SAZEUST MIMEV.
   939 | D:1      | 939 ||| DROPPING scroll of butterflies.
  1084 | D:2      | Noticed Sigmund
  1092 | D:2      | Slain by Sigmund

Levels and vault maps discovered:
D:1:      lightli_arrival_boilingwater, layout_basic
D:2:      wad_river_or_something, layout_basic, basic_altar,
          hangedman_decor_points, uniq_sigmund

Skill      XL: |  1  2  3 |
---------------+----------+-----
Ranged Weapons | 5 |  5.0
Fighting       | |  2.6
Armour         | |  0.6
Dodging        | |  1.5
Stealth        | |  1.1

Action                     || total
---------------------------++-------
   Fire: Shortbow          ||   119
    Use: Scroll            ||     3
 Armour: Leather armour    ||    24
         Ring mail         ||     2
  Dodge: Dodged            ||    44

Table legend:
 A = Non-vault XP
 B = Vault XP
 C = Vault XP percentage of total XP
 D = Non-vault monster count
 E = Vault monster count
 F = Vault count percentage of total count
                 A         B        C        D         E       F
            +---------+---------+-------+---------+---------+-------
      Total |      59 |       4 |   6.3 |      34 |       3 |   8.1
            +---------+---------+-------+---------+---------+-------
        D:1 |      55 |       0 |   0.0 |      32 |       0 |   0.0
        D:2 |       4 |       4 |  50.0 |       2 |       3 |  60.0
            +---------+---------+-------+---------+---------+-------
